 Dungeon Crawl Stone Soup version 0.28-a0-793-g31680bbd8b (webtiles) character file.

Game seed: 3456126617146238035

0 spiderkeys the Ducker (level 1, -9/10 HPs)
             Began as a Felid Abyssal Knight on Nov 4, 2021.
             Was a Follower of Lugonu.
             Mangled by a small abomination (13 damage)
             ... on level 1 of the Abyss.
             The game lasted 00:00:16 (190 turns).

spiderkeys the Ducker (Felid Abyssal Knight)         Turns: 190, Time: 00:00:16

Health: -9/10      AC:  1    Str:  9    XL:     1   Next: 0%
Magic:  3/3        EV: 18    Int: 11    God:    Lugonu [*.....]
Gold:   0          SH:  0    Dex: 16    Spells: 0/0 levels left
                                        Lives:  0   Deaths: 0

rFire   . . .      SeeInvis +     - Unarmed
rCold   . . .      Faith    .   (shield unavailable)
rNeg    . . .      Spirit   .   (armour unavailable)
rPois   .          Reflect  .   (helmet unavailable)
rElec   .          Harm     .   (cloak unavailable)
rCorr   .          Rampage  .   (gloves unavailable)
Will    .....                   (boots unavailable)
Stlth   +.........              (no amulet)
HPRegen 0.03/turn               (no ring)
MPRegen 0.08/turn               (no ring)

@: quick
A: very small, claws 1, fangs 3, see invisible, speed 1, shaggy fur 1, stealthy
paws, no weapons or thrown items, no armour, multi-lived
a: Renounce Religion, Depart the Abyss


You were on level 1 of the Abyss.
You worshipped Lugonu.
Lugonu was aware of your devotion.
You visited 0 branches of the dungeon, and saw 0 of its levels.
You visited the Abyss 1 time.


Innate Abilities, Weirdness & Mutations

You have sharp claws.
You have razor-sharp teeth.
You have supernaturally acute eyesight. (SInv)
You cover ground quickly. (Speed+)
You are covered in fur. (AC +1)
Your paws help you pounce on unaware monsters.
You are incapable of wielding weapons or throwing items.
You cannot wear armour.
You gain extra lives every three experience levels.


   Skills:
 + Level 3.0 Fighting
 + Level 3.2 Dodging
 + Level 2.0 Unarmed Combat
 + Level 1.7 Invocations


You couldn't memorise any spells.
You didn't know any spells.
Your spell library was empty.

Inventory:

Potions
 a - a potion of heal wounds {unknown}

Dungeon Overview and Level Annotations

Branches:
Dungeon (0/15)

Altars:

############### ###
#.# ...#..4X#.#
#..###....#..# #..##
..#.#....1.....#x5.#
#...1.....#...#.@###
#.#.#..######........#
#.......# #.#..#.#...
.#..## . #..... .# .#.
.. .. ##.#.#. # #.#.#.
...# .# .#.# .#.#...
..# # .. . . ..# .# ..
## # . #


You could see a Hell Sentinel, a tentacled starspawn, a small abomination and an
ufetubus.


Message History

🤖 Initializing magus.rc ... ✅ Successfully initialized magus.rc [v1.9.10] Welcome, spiderkeys the Felid Abyssal Knight.
You feel drawn to the Orb of Zot, downwards into the unfathomable depths...
Lugonu says: Depart the Abyss and spread corruption, my servant! (use the ability menu to exit the Abyss) Press ? for a list of commands and other information.
Found a corrupted altar of Lugonu.
Found a glowing ring mail.
Unknown command.
You see here a +0 ring mail of fire resistance.
You see here a +0 ring mail of fire resistance.
Found a corrupted altar of Lugonu.
a - a coppery potion
Found a radiant altar of Vehumet.
A Hell Sentinel comes into view.
An ufetubus comes into view.
The ufetubus shouts!
A hellwing comes into view.
A small abomination comes into view.
The ufetubus hits you. x2 😮 HP[-3]
You take 3 damage, and now have 7/10 hp.
MASSIVE DAMAGE!! (PAUSE)
A tentacled starspawn comes into view.
A starspawn tentacle comes into view.
The hellwing gives a chilling moan.
Unknown command.
The small abomination hits you. The ufetubus hits you.
* * * LOW HITPOINT WARNING * * *
The ufetubus closely misses you. 😨 HP[-3]
You take 3 damage, and now have 4/10 hp.
MASSIVE DAMAGE!! (PAUSE)
The small abomination closely misses you.
The small abomination misses you. The small abomination hits you!
Ouch! That really hurt!
You die...

Action                   || total
-------------------------++-------
Dodge: Dodged            ||     3

Levels and vault maps discovered:
Abyss:1:  base: Temple, base:
Temple

Notes
Turn   | Place    | Note
-------+----------+-------------------------------------------
     0 | Abyss:1  | spiderkeys the Felid Abyssal Knight began the quest for the
                  | Orb.
     0 | Abyss:1  | Reached XP level 1. HP: 10/10 MP: 3/3
     0 | Abyss:1  | magus.rc [v1.9.10]
    46 | Abyss:1  | Found a corrupted altar of Lugonu.
    80 | Abyss:1  | Found a radiant altar of Vehumet.
   165 | Abyss:1  | Noticed a Hell Sentinel
   180 | Abyss:1  | Noticed a hellwing
   181 | Abyss:1  | Noticed a small abomination
   184 | Abyss:1  | Noticed a tentacled starspawn
   190 | Abyss:1  | Mangled by a small abomination

Vanquished Creatures (others)
  2 starspawn tentacles (Abyss:1)
2 creatures vanquished.

Table legend:
 A = Non-vault XP
 B = Vault XP
 C = Vault XP percentage of total XP
 D = Non-vault monster count
 E = Vault monster count
 F = Vault count percentage of total count
                 A         B        C        D         E       F
            +---------+---------+-------+---------+---------+-------
      Total |       0 |       0 |   N/A |       0 |       0 |  -nan
            +---------+---------+-------+---------+---------+-------
            +---------+---------+-------+---------+---------+-------

Illustrated notes

Table legend: (Time is in decaauts)
 A = Elapsed time spent in this place.
 B = Non-inter-level travel time spent in this place.
 C = Inter-level travel time spent in this place.
 D = Time resting spent in this place.
 E = Time spent auto-exploring this place.
 F = Levels seen in this place.
 G = Mean time per level.
                   A        B        C        D        E       F      G
               +--------+--------+--------+--------+--------+-----+--------+
         Total |    152 |    152 |      0 |      0 |    128 |   1 |  152.0 |
         Abyss |    152 |    152 |      0 |      0 |    128 |   1 |  152.0 |
               +--------+--------+--------+--------+--------+-----+--------+

Top non-repeatable levels by time:
 Abyss:1: 152 daAuts
